Map: Winter's Gate LE

Players

Ratl - Winner!

  • Race: Terran Terran
  • Spawn Location: 5:00

VOD

Have the link to the VOD?

Description

Time

  • Played on: Oct. 28, 2019, 8:44 p.m.
  • Length: 24:11
Show
View Real Time Build Order
Export as new Build Order

Ratl Terran - Winner!

Build Orders:  

Get SALT Encoding   

  12  0:04  SCV  
  13  0:22  SCV  
  14  0:30  Supply Depot  
  14  0:39  SCV  
  15  0:58  Refinery  
  15  1:00  SCV  
  16  1:17  SCV  
  16  1:18  Barracks  
  17  1:34  SCV  
  18  1:51  SCV  
  19  2:03  Refinery  
  19  2:08  SCV  
  20  2:25  SCV  
  21  2:42  SCV, Engineering Bay  
  22  2:59  SCV  
  23  3:04  Command Center  
  23  3:27  Supply Depot  
  23  3:45  Supply Depot  
  23  3:57  SCV, Marine  
  25  4:00  Supply Depot  
  25  4:18  Orbital Command  
  25  4:22  Marine  
  26  4:40  Factory  
  26  4:47  Marine  
  26  4:49  Factory  
  27  5:08  SCV  
  28  5:12  Marine  
  28  5:14  SCV  
  30  5:25  SCV, Terran Infantry Armor Level 1  
  31  5:38  Barracks Tech Lab  
  31  5:42  SCV  
  32  5:58  Barracks  
  32  5:59  SCV  
  33  6:11  Marauder  
  33  6:15  Armory  
  33  6:16  SCV  
  33  6:19  Unknown  
  36  6:34  SCV  
  37  6:40  Marauder  
  37  6:42  Refinery  
  39  6:51  SCV  
  39  6:55  Hellion  
  42  7:00  Factory Reactor  
  42  7:08  SCV, Barracks Reactor  
  42  7:09  Sensor Tower  
  43  7:10  Marauder  
  43  7:16  Refinery  
  45  7:25  SCV, Hellion  
  48  7:40  Marauder  
  48  7:42  SCV  
  51  7:55  Hellion  
  51  7:59  SCV  
  54  8:14  Stimpack  
  54  8:16  SCV  
  55  8:24  Hellion x2  
  55  8:29  Factory Tech Lab  
  59  8:33  SCV  
  59  8:39  Terran Infantry Armor Level 2  
  60  8:50  SCV  
  60  8:55  Starport  
  61  9:04  Terran Vehicle Weapons Level 1  
  61  9:07  SCV  
  62  9:41  Supply Depot  
  62  9:43  Supply Depot  
  62  9:44  Supply Depot  
  62  9:47  Supply Depot  
  62  10:00  Hellion  
  62  10:03  SCV  
  62  10:06  Missile Turret  
  52  10:20  SCV  
  52  10:28  Hellion  
  55  10:30  Hellion  
  55  10:35  Cyclone  
  55  10:36  Missile Turret  
  60  10:48  SCV  
  61  10:58  Hellion  
  63  11:00  Hellion  
  63  11:05  SCV  
  66  11:13  Concussive Shells  
  66  11:18  Marauder  
  68  11:20  Cyclone  
  68  11:22  SCV  
  68  11:28  Hellion  
  74  11:30  Hellion  
  74  11:31  Ghost Academy  
  74  11:37  Marine x2  
  74  11:39  SCV  
  79  11:44  Terran Vehicle And Ship Armor Level 1  
  79  11:48  Marauder  
  79  11:49  Terran Infantry Weapons Level 1  
  81  12:02  Marine x2  
  81  12:05  Cyclone  
  81  12:09  Missile Turret  
  86  12:18  Marauder  
  88  12:27  Marine x2  
  90  12:39  Bunker  
  90  12:46  Command Center  
  90  12:48  Marauder  
  92  12:52  Marine x2  
  94  13:10  Supply Depot  
  94  13:11  Command Center  
  94  13:13  Sensor Tower, Supply Depot  
  94  13:40  Cyclone  
  94  13:42  Ghost  
  94  13:43  Supply Depot  
  94  13:45  Marine x2  
  94  13:47  Supply Depot  
  101  13:51  Supply Depot  
  101  14:10  Marine x2  
  101  14:15  Refinery x2  
  101  14:16  Supply Depot  
  103  14:22  Ghost  
  105  14:31  Bunker  
  105  14:35  Marine x2  
  107  14:48  Supply Depot  
  107  14:52  Missile Turret  
  107  14:56  Supply Depot  
  107  15:00  Marine x2  
  107  15:02  Ghost  
  111  15:22  Fusion Core  
  99  15:42  Ghost  
  86  16:22  Ghost  
  78  16:59  SCV  
  79  17:04  Orbital Command  
  79  17:15  SCV  
  80  17:28  SCV  
  81  17:32  SCV  
  82  17:45  SCV  
  82  17:49  SCV  
  84  18:02  SCV  
  84  18:06  SCV  
  86  18:19  SCV  
  87  18:20  Cyclone  
  87  18:23  SCV  
  87  18:25  Hellbat x2  
  95  18:30  Refinery  
  95  18:33  Refinery  
  95  18:36  SCV  
  95  18:38  Marauder  
  98  18:40  SCV  
  98  18:46  Reaper x2  
  101  18:55  Hellbat x2  
  101  18:57  SCV  
  106  19:05  Cyclone  
  106  19:08  Marauder  
  111  19:19  Terran Infantry Weapons Level 2  
  111  19:25  Hellbat x2  
  111  19:27  Starport Reactor  
  117  19:31  Reaper x2  
  117  19:32  Personal Cloaking  
  117  19:36  Terran Vehicle And Ship Armor Level 2  
  117  19:38  Marauder  
  119  19:50  Cyclone  
  119  19:53  Starport  
  119  19:55  Hellbat x2  
  126  20:07  Marauder  
  128  20:16  Reaper x2  
  130  20:25  Hellbat x2  
  134  20:35  Cyclone  
  134  20:37  Marauder  
  139  20:43  SCV  
  139  20:46  Barracks  
  140  20:55  Hellbat x2  
  146  21:00  SCV  
  146  21:01  Reaper x2  
  146  21:17  SCV  
  146  21:19  Cyclone  
  138  21:25  Hellbat x2  
  145  21:32  Starport Reactor  
  151  21:46  Starport Tech Lab  
  147  22:02  Factory  
  147  22:04  Siege Tank  
  145  22:36  Unknown x2  
  145  23:22  Unknown  
  141  23:35  Unknown  
  141  23:36  Unknown  
  145  24:01  Command Center  
  145  24:03  Refinery  
  143  24:07  Refinery  
Tags
 
Add a new tag
Caveats
  • Supply blocks, unpowered buildings, or Contaminate may cause inaccurate times.
  • Supply counts are checked every 10 seconds.